 Dungeon Crawl Stone Soup version 0.31-a0-219-g8d62b2e7bb (webtiles) character file.

Game seed: 7629470112579284179

162 pokeman the Magician (level 5, -1/29 HPs)
             Began as a Deep Elf Hedge Wizard on July 3, 2023.
             Slain by a sleepcap (14 damage)
             ... on level 4 of the Dungeon on July 4, 2023.
             The game lasted 00:06:27 (4053 turns).

pokeman the Magician (Deep Elf Hedge Wizard)        Turns: 4053, Time: 00:06:27

Health: -1/29      AC:  4    Str:  7    XL:     5   Next: 19%
Magic:  8/15       EV:  2    Int: 21    God:
Gold:   207        SH:  0    Dex: 14    Spells: 8/16 levels left

rFire   . . .        c - +0 dagger (venom)
rCold   . . .        (no shield)
rNeg    . . .        b - +0 robe
rPois   .            v - +0 helmet
rElec   .            (no cloak)
rCorr   .            e - +0 pair of gloves
SInv    .            (no boots)
Will    .....        (no amulet)
Stlth   ++           (no ring)
HPRegen 0.24/turn    (no ring)
MPRegen 0.14/turn

%: no passive effects
@: sleeping
A: no striking features
a: no special abilities


You were on level 4 of the Dungeon.
You visited 1 branch of the dungeon, and saw 4 of its levels.

You collected 207 gold pieces.

Inventory:

Hand Weapons
 c - a +0 dagger of venom (weapon)
Armour
 b - a +0 robe (worn)
 e - a +0 pair of gloves (worn)
 q - a scarf of harm
 v - a +0 helmet (worn)
Magical Staves
 t - a staff of earth
Scrolls
 f - 2 scrolls of teleportation {unknown}
 h - 3 scrolls of identify {unknown}
 i - a scroll of poison {unknown}
 j - a scroll of noise {unknown}
 k - 3 scrolls of enchant armour {unknown}
 l - 2 scrolls of fog {unknown}
 o - a scroll of revelation {unknown}
 p - 2 scrolls of enchant weapon {unknown}
 s - a scroll of vulnerability {unknown}
Potions
 a - 2 potions of heal wounds {unknown}
 d - a potion of magic
 g - a potion of curing {unknown}
 m - 2 potions of lignification {unknown}
 n - a potion of might {unknown}
 r - a potion of attraction {unknown}
 u - 2 potions of degeneration {unknown}


   Skills:
 - Level 1.0 Fighting
 - Level 1.0 Armour
 - Level 3.0 Dodging
 - Level 3.0 Stealth
 * Level 6.1 Spellcasting
 + Level 2.5 Conjurations
 - Level 1.1 Summonings
 - Level 1.1 Translocations
 + Level 0.1 Air Magic
 + Level 0.3 Earth Magic
 + Level 0.3 Poison Magic
 + Level 0.3 Evocations


You had 8 spell levels left.
You knew the following spells:

 Your Spells              Type           Power      Damage    Failure   Level
a - Magic Dart            Conj           68%        1d6       3%          1
b - Mephitic Cloud        Conj/Pois/Air  10%        N/A       19%         3
c - Call Imp              Summ           22%        N/A       10%         2
d - Blink                 Tloc           22%        N/A       10%         2

Your spell library contained the following spells:

 Spells                   Type           Power      Damage    Failure   Level
 Slow                     Hex            24%        N/A       10%         1
 Cigotuvi's Dreadful Rot  Necr/Pois/Air  14%        N/A       14%         2
 Call Canine Familiar     Summ           11%        N/A       19%         3
 Portal Projectile        Hex/Tloc       16%        N/A       24%         3
 Leda's Liquefaction      Hex/Erth       3%         N/A       65%         4


Dungeon Overview and Level Annotations

Branches:
Dungeon (4/15)
 Temple: D:4-7

Altars:
Dithmenos
Fedhas
Hepliaklqana
Kikubaaqudgha
The Shining One


Message History

Casting: Magic Dart (safe; 3% risk of failure)
Confirm with . or Enter, or press ? or * to list all spells.
You miscast Call Imp.
You are very lightly contaminated with residual magic.
Nothing appears to happen.
Casting: Call Imp (safe; 10% risk of failure)
Confirm with . or Enter, or press ? or * to list all spells.
A tiny devil pulls itself out of the air.
The sleepcap releases spores at you.
You hit the sleepcap.
The sleepcap is lightly damaged.
The sleepcap releases spores at you.
Your cerulean imp hits the sleepcap but does no damage.
Unknown command.
You hit the sleepcap but do no damage.
The sleepcap is lightly damaged.
The sleepcap closely misses you.
Your cerulean imp hits the sleepcap but does no damage.
You completely miss the sleepcap.
The sleepcap is lightly damaged.
The sleepcap barely misses you.
Your cerulean imp hits the sleepcap with a -3 spear.
You hit the sleepcap.
The sleepcap is moderately damaged.
The sleepcap releases spores at you.
Your cerulean imp hits the sleepcap with a -3 spear.
Your magical contamination has completely faded away.
You hit the sleepcap but do no damage.
The sleepcap is poisoned.
The sleepcap is moderately damaged.
The sleepcap barely misses you.
Your cerulean imp hits the sleepcap but does no damage.
Unknown command.
You hit the sleepcap but do no damage.
The sleepcap is heavily damaged.
The sleepcap releases spores at you!
You are engulfed in a cloud of soporific spores!
You fall asleep.
Your cerulean imp hits the sleepcap but does no damage.
The sleepcap releases spores at you!
You die...

# #. #.#####
####....!
........#######.
.......@f5..)...
.....##.####.##.
### #.# #.# #.#
##.# #.###..#
#.##.#.####
#...###...#
#.##.#.####
#.###.##


You could see a sleepcap (very poisoned, ally target) and a friendly cerulean
imp (summoned).

Vanquished Creatures
  3 gnolls (D:3)
  An adder (D:3)
  4 worms
  A dart slug (D:2)
  2 orcs
  3 endoplasms
  5 giant cockroaches
  10 goblins
  11 hobgoblins
  9 jackals (D:1)
  2 quokkas
  10 ball pythons
  3 bats
  5 frilled lizards
  5 kobolds
  4 rats
78 creatures vanquished.

Vanquished Creatures (collateral kills)
  Robin (D:3)
  A gnoll (D:3)
  A hobgoblin (D:3)
3 creatures vanquished.

Grand Total: 81 creatures vanquished

Notes
Turn   | Place    | Note
-------+----------+-------------------------------------------
     0 | D:1      | pokeman the Deep Elf Hedge Wizard began the quest for the
                  | Orb.
     0 | D:1      | Reached XP level 1. HP: 10/10 MP: 7/7
    86 | D:1      | Reached XP level 2. HP: 9/15 MP: 6/9
   171 | D:1      | Found a faded altar of an unknown god.
   502 | D:1      | Reached skill level 5 in Spellcasting
   676 | D:1      | Reached XP level 3. HP: 20/20 MP: 6/11
   680 | D:1      | Learned a level 3 spell: Mephitic Cloud
   683 | D:1      | Learned a level 2 spell: Call Imp
   686 | D:1      | Learned a level 2 spell: Blink
  1234 | D:2      | Reached skill level 1 in Armour
  1398 | D:2      | Reached skill level 1 in Fighting
  2017 | D:2      | Reached XP level 4. HP: 25/25 MP: 1/13
  2303 | D:3      | Found a hazy altar of Hepliaklqana.
  2305 | D:3      | Found a glowing golden altar of the Shining One.
  2306 | D:3      | Found a blossoming altar of Fedhas.
  2316 | D:3      | Found a shadowy altar of Dithmenos.
  3305 | D:3      | Reached skill level 6 in Spellcasting
  3305 | D:3      | Reached XP level 5. HP: 28/29 MP: 4/15
  3370 | D:3      | Noticed Robin
  3434 | D:3      | Killed Robin
  3815 | D:3      | Found an ancient bone altar of Kikubaaqudgha.
  4053 | D:4      | Slain by a sleepcap

Illustrated notes

Levels and vault maps discovered:
D:1:      grunt_arrival_lava_bath, layout_loops_cross,
          shapermc_ecumenical_altar_gd, minmay_misc_feat_rows, st_stairs_5
D:2:      layout_rooms, minmay_misc_feat_square, grunt_decor_arrowhead,
          minmay_pentomino_o4
D:3:      layout_basic, mainiacjoe_overflow_alcove_4,
          nicolae_overflow_quartered_altars, uniq_robin
D:4:      layout_loops_ring, uniq_crazy_yiuf_cottage, uniq_eustachio

Skill      XL: |  1  2  3  4 |
---------------+-------------+-----
Spellcasting   | 5 6 |  6.1
Armour         | 1 |  1.0
Fighting       | 1 |  1.0
Conjurations   | 2 |  2.5
Stealth        | 3 |  3.0
Dodging        | 3 |  3.0
Summonings     | |  1.1
Translocations | |  1.1
Air Magic      | |  0.1
Earth Magic    | |  0.3
Poison Magic   | |  0.3
Evocations     | |  0.3

Action                     |  1- 3 |  4- 6 || total
---------------------------+-------+-------++-------
  Melee: Dagger            |    41 |    18 ||    59
   Cast: Magic Dart        |   125 |    68 ||   193
         Call Imp          |     3 |     3 ||     6
         Mephitic Cloud    |       |     2 ||     2
         Blink             |       |     1 ||     1
 Armour: Robe              |     3 |     4 ||     7
  Dodge: Dodged            |    42 |    21 ||    63

Table legend: (Time is in decaauts)
 A = Elapsed time spent in this place.
 B = Non-inter-level travel time spent in this place.
 C = Inter-level travel time spent in this place.
 D = Time resting spent in this place.
 E = Time spent auto-exploring this place.
 F = Levels seen in this place.
 G = Mean time per level.
                   A        B        C        D        E       F      G
               +--------+--------+--------+--------+--------+-----+--------+
         Total |   4051 |   3984 |     67 |      0 |   3378 |   4 | 1012.8 |
       Dungeon |   4051 |   3984 |     67 |      0 |   3378 |   4 | 1012.8 |
               +--------+--------+--------+--------+--------+-----+--------+

Top non-repeatable levels by time:
     D:3: 1594 daAuts
     D:1: 1220 daAuts
     D:2: 1082 daAuts
     D:4: 154 daAuts
